 Dungeon Crawl Stone Soup version 0.20.1-1-g8b1a95d (webtiles) character file.

84 gobwax the Slasher (level 4, -4/35 HPs)
             Began as a Formicid Fighter on Sept 8, 2017.
             Slain by a moth of wrath (17 damage)
             ... on level 2 of the Dungeon.
             The game lasted 00:02:13 (1728 turns).

gobwax the Slasher (Formicid Fighter)               Turns: 1728, Time: 00:02:14

Health: -4/35      AC:  8    Str: 21    XL:     4   Next: 74%
Magic:  4/4        EV:  7    Int:  8    God:
Gold:   102        SH:  9    Dex: 10    Spells: 3/3 levels left

rFire    . . .     SeeInvis +   a - +0 long sword
rCold    . . .     Gourm    .   c - +0 shield
rNeg     . . .     Faith    .   b - +0 scale mail
rPois    .         Spirit   .   (helmet unavailable)
rElec    .         Reflect  .   (no cloak)
rCorr    .         Harm     .   j - +0 pair of gloves (curse)
MR       .....                  (no boots)
Stlth    ..........             (no amulet)
Regen    0.2/turn               (no ring)
MPRegen  0.1/turn               (no ring)

@: no status effects
A: permanent stasis, dig shafts and tunnels, four strong arms, antennae 3,
mutation resistance 1
a: Dig, Shaft Self


You were on level 2 of the Dungeon.
You were hungry.

You visited 1 branch of the dungeon, and saw 2 of its levels.

You collected 102 gold pieces.

Inventory:

Hand Weapons
 a - a +0 long sword (weapon)
Armour
 b - a +0 scale mail (worn)
 c - a +0 shield (worn)
 j - a cursed +0 pair of gloves (worn)
Scrolls
 e - a scroll of enchant armour {unknown}
 k - a scroll of teleportation {unknown}
 l - 2 scrolls of immolation {unknown}
 m - a scroll of noise {unknown}
 n - 4 scrolls of identify {unknown}
Potions
 d - a potion of might
 g - a potion of ambrosia {unknown}
 h - 2 potions of agility {unknown}
 i - 2 potions of curing
Comestibles
 f - 2 bread rations


   Skills:
 - Level 3.2 Fighting
 * Level 4.5 Long Blades
 - Level 3.2 Armour
 - Level 3.6 Shields


You had 3 spell levels left.
You didn't know any spells.

Dungeon Overview and Level Annotations

Branches:
Dungeon (2/15)

Altars:
Trog


Innate Abilities, Weirdness & Mutations

You cannot be hasted, slowed, berserked, paralysed or teleported.
You can dig through walls and to a lower floor.
Your four strong arms can wield two-handed weapons with a shield.
You have a pair of large antennae on your head. (SInv)
You are somewhat resistant to further mutation.


Message History

You extend your mandibles.
You dig through the iron grate.
You block the moth of wrath's attack.
You retract your mandibles.
You closely miss the moth of wrath.
The moth of wrath bites you but does no damage.
You block the moth of wrath's attack.
You hit the moth of wrath.
The moth of wrath is lightly wounded.
The moth of wrath bites you!!
Ouch! That really hurt!
You barely miss the moth of wrath.
The moth of wrath is lightly wounded.
The moth of wrath bites you.
The moth of wrath bites you but does no damage.
You hit the moth of wrath.
The moth of wrath is lightly wounded.
The moth of wrath bites you.
You slash the moth of wrath!
The moth of wrath is moderately wounded.
The moth of wrath bites you!
You die...

#####.# #..........# ......#
###.....#### ####..# #.##..#
####..# #.##..#
......##########'#####
..#........##.......##
...#..######.........##
......### #.......†...#
........# #....#@#....# #####
........###...##y##...# #....
#.........#....###....# #.###
.........###.........## #.#
.)..)..)## #)..._....# #.#
#.......# ##....)..#########.#
#.......# ###)).###.........#
####.##################.#######
#................# #.#


You could see a moth of wrath.

Vanquished Creatures
  2 adders (D:2)
  2 oozes (D:2)
  5 worms (D:2)
  2 leopard geckos
  2 giant cockroaches
  5 goblins
  5 hobgoblins
  5 jackals
  5 kobolds
  A quokka (D:2)
  2 bats
  3 frilled lizards
  3 rats
42 creatures vanquished.

Notes
Turn   | Place    | Note
-------+----------+-------------------------------------------
     0 | D:1      | gobwax the Formicid Fighter began the quest for the Orb.
     0 | D:1      | Reached XP level 1. HP: 18/18 MP: 1/1
    59 | D:1      | Reached XP level 2. HP: 15/24 MP: 2/2
   364 | D:1      | Reached skill level 3 in Long Blades
   669 | D:2      | Gained mutation: You are somewhat resistant to further mutation. [potion of mutation]
   673 | D:2      | Reached XP level 3. HP: 14/29 MP: 3/3
  1054 | D:2      | Reached skill level 4 in Long Blades
  1054 | D:2      | Reached XP level 4. HP: 35/35 MP: 4/4
  1258 | D:2      | Noticed a moth of wrath
  1260 | D:2      | Found a bloodstained altar of Trog.
  1728 | D:2      | Slain by a moth of wrath

Skill      XL: |  1  2  3 |
---------------+----------+-----
Long Blades    | 3 4 |  4.5
Fighting       | |  3.2
Armour         | |  3.2
Shields        | |  3.6

Action                   |  1- 3 |  4- 6 || total
-------------------------+-------+-------++-------
Melee: Long sword        |    89 |    72 ||   161
 Abil: Dig               |       |     1 ||     1
  Use: Potion            |     2 |       ||     2
  Eat: Chunk             |       |     2 ||     2
Armor: Scale mail        |    44 |    29 ||    73
Dodge: Dodged            |    32 |    17 ||    49
Block: Shield            |    57 |    34 ||    91
       Rpst.: Long sword |    10 |     4 ||    14
